 Dungeon Crawl Stone Soup version 0.18-b1-10-g3f7de93 (webtiles) character file.

84 RudyRod the Firebug (level 4, -12/30 HPs)
             Began as a Demonspawn Fire Elementalist on Apr 29, 2016.
             Killed from afar by RudyRod's ghost (13 damage)
             ... with a flame tongue
             ... on level 3 of the Dungeon.
             The game lasted 00:19:44 (2830 turns).

RudyRod the Firebug (Demonspawn Fire Elementalist)  Turns: 2830, Time: 00:19:57

Health: -12/30     AC:  4    Str:  8    XL:     4   Next: 23%
Magic:  1/8        EV: 12    Int: 17    God:
Gold:   64         SH:  0    Dex: 14    Spells: 2 memorised, 5 levels left

rFire  . . .     SeeInvis .     q - -3 falchion (curse)
rCold  . . .     Gourm    .     a - +0 robe
rNeg   . . .     Faith    .     (no shield)
rPois  .         Spirit   .     (helmet restricted)
rElec  .         Dismiss  .     (no cloak)
rCorr  .         Reflect  .     (no gloves)
SustAt .         Harm     .     (no boots)
MR     .....     Rnd*Tele +     (no amulet)
Stlth  ++........               (no ring)
                                (no ring)

@: not resistant to hostile enchantments, unstealthy
A: horns 1, thin metallic scales 1, screaming 1, teleportitis 1, MP-powered
wands
a: no special abilities


You were on level 3 of the Dungeon.
You were not hungry.

You visited 1 branch of the dungeon, and saw 3 of its levels.

You collected 64 gold pieces.

Inventory:

Hand Weapons
 e - a +0 short sword
 g - a +2 hunting sling of flaming
 k - a +2 dagger of flaming
 q - a cursed -3 falchion (weapon)
Armour
 a - a +0 robe (worn)
Wands
 l - a wand of random effects (45/48)
Scrolls
 i - a scroll of teleportation
 j - 3 scrolls of identify
Potions
 d - a potion of mutation
 h - a potion of invisibility {unknown}
 m - a potion of degeneration {unknown}
 n - a potion of cure mutation {unknown}
 o - a potion of agility {unknown}
Books
 b - a book of Flames

   Spells                             Type                      Level
   a - Flame Tongue                   Conjuration/Fire             1
   b - Throw Flame                    Conjuration/Fire             2
   c - Conjure Flame                  Conjuration/Fire             3
   d - Inner Flame                    Hexes/Fire                   3
   e - Sticky Flame                   Conjuration/Fire             4
   f - Fireball                       Conjuration/Fire             5
Comestibles
 c - a bread ration
 p - a beef jerky


   Skills:
 + Level 0.1 Short Blades
 + Level 2.2 Dodging
 + Level 2.3 Stealth
 + Level 2.7 Spellcasting
 + Level 1.5 Conjurations
 + Level 3.3 Fire Magic
 + Level 0.2 Evocations


You had 5 spell levels left.
You knew the following spells:

 Your Spells              Type           Power        Failure   Level  Hunger
a - Flame Tongue          Conj/Fire      ##...        10%         1    #......
b - Throw Flame           Conj/Fire      ##....       12%         2    ##.....


Dungeon Overview and Level Annotations

Branches:
Dungeon (3/15)

Altars:

Annotations:
D:3 RudyRod's ghost, amateur DsFE


Innate Abilities, Weirdness & Mutations

You have a pair of small horns on your head.
You are partially covered in thin metallic scales (AC +2).
You occasionally shout uncontrollably at your foes.
You are occasionally teleported next to monsters.
You expend magic power (3 MP) to strengthen your wands.


Message History

The flame tongue hits you!
* * * LOW HITPOINT WARNING * * *
Casting: Flame Tongue
Confirm with . or Enter, or press ? or * to list all spells.
Aiming: Flame Tongue
Press: ? - help, Shift-Dir - straight line, f/p - RudyRod's ghost
Aim: RudyRod's ghost, wielding a weapon of speed (heavily damaged)
The flame tongue hits RudyRod's ghost.
RudyRod's ghost is severely damaged.
RudyRod's ghost hits you.
* * * LOW HITPOINT WARNING * * *
Unknown command.
Drink which item? (? for menu, Esc to quit)
It was a potion of mutation.
You feel extremely strange.
You feel the urge to shout.
You feel your magical essence link to your wands.
You feel weirdly uncertain.
RudyRod's ghost points at you and mumbles some strange words.
The flame tongue hits you!
You die...

##### ###.#.# #....K# #.###W#
#.# #@# #.# #.# #.# #.#
########K###.################
.............................
##K...####.#.###.####.##.#.##
#... #.#.# #.# #.##.#... #..
# #.###.# #.##..... ## #
#.....####.#...##.


You could see RudyRod's ghost and a kobold.

Vanquished Creatures
  A howler monkey zombie (D:3)
  2 adders
  A dart slug (D:2)
  A giant gecko (D:3)
  An orc (D:3)
  6 bats
  A giant cockroach (D:2)
  12 goblins
  6 hobgoblins
  2 jackals (D:1)
  5 kobolds
  A quokka (D:2)
  A ball python (D:2)
  6 rats
46 creatures vanquished.

Notes
Turn   | Place    | Note
--------------------------------------------------------------
     0 | D:1      | RudyRod the Demonspawn Fire Elementalist began the quest for the Orb.
     0 | D:1      | Reached XP level 1. HP: 13/13 MP: 3/3
   139 | D:1      | Gained mutation: You have a pair of small horns on your head. [demonic ancestry]
   139 | D:1      | Reached XP level 2. HP: 5/19 MP: 0/5
   449 | D:1      | Reached skill level 3 in Fire Magic
  1347 | D:2      | Gained mutation: You are partially covered in thin metallic scales (AC +2). [demonic ancestry]
  1347 | D:2      | Reached XP level 3. HP: 13/24 MP: 3/6
  1893 | D:2      | Learned a level 2 spell: Throw Flame
  2479 | D:3      | Reached XP level 4. HP: 30/30 MP: 4/7
  2810 | D:3      | Noticed RudyRod's ghost (amateur DsFE)
  2829 | D:3      | HP: 1/30 [RudyRod's ghost (2)]
  2830 | D:3      | Gained mutation: You occasionally shout uncontrollably at your foes. [potion of mutation]
  2830 | D:3      | Gained mutation: You expend magic power (3 MP) to strengthen your wands. [potion of mutation]
  2830 | D:3      | Gained mutation: You are occasionally teleported next to monsters. [potion of mutation]
  2830 | D:3      | Killed from afar by RudyRod's ghost

Skill      XL: |  1  2 |
---------------+-------+-----
Fire Magic     | 3 |  3.3
Dodging        | 2 |  2.2
Stealth        | 2 |  2.3
Short Blades   | |  0.1
Spellcasting   | |  2.7
Conjurations   | |  1.5
Evocations     | |  0.2

Action                   |  1- 3 |  4- 6 || total
-------------------------+-------+-------++-------
Melee: Short sword       |    29 |       ||    29
       Dagger            |     7 |       ||     7
       Headbutt          |     1 |     1 ||     2
       Falchion          |       |     6 ||     6
 Cast: Flame Tongue      |    61 |    12 ||    73
       Throw Flame       |     7 |     2 ||     9
Evoke: Wand              |     4 |       ||     4
  Use: Scroll            |     2 |     2 ||     4
       Potion            |       |     1 ||     1
  Eat: Chunk             |     6 |     1 ||     7
Armor: Robe              |     9 |     9 ||    18
Dodge: Dodged            |    45 |     9 ||    54
